cohdb
Replays
Latest Replays
All Replays
Popular Replays
Top Player Replays
Match Explorer
How It Works
Community
CoH3 Stats
Reddit
Sign in to upload your games and track your stats! →
Sign in with Steam
Match 42253417
Unlisted
Match 42253417
Overview
Messages
Build Orders
End
Construct Barracks
Selects Heavy Weapons
Riflemen Squad
Riflemen Squad
M1 Mortar Team
Construct Weapon Support Center
Construct Medical Station
M1919 Machine Gun Team
Selects M2HB .50cal Heavy Machine Gun
Infantry Support Center
Bazooka Squad
M1918 Browning Automatic Rifles
Bazooka Squad
Grenade Package
Bazooka Squad
M1919 Machine Gun Team
Construct Tank Depot
Selects Gallant Stand
Selects Black Dragon Artillery Barrage
Selects Assault Carriers
M4A1 Sherman Medium Tank
Guru
Karl Müller
MisterRacoon
darkGweni
0
0
Comments
sign in to comment!
No comments posted yet!